TOP OF THE 1ST |
Niagara Falls Phantoms batting - Pitching for New Jersey Devils : RHP Jason Horvath
|
Pitching: RHP Jason Horvath
|
|
Batting: LHB Aaron Joyner
|
0-0: Called Strike 0-1: Ball 1-1: Foul Ball, location: 2F 1-2: Ball 2-2: SINGLE (Line Drive, 6D, EV 107.5 MPH)
|
Batting: SHB Mukhtar Wa'il
|
0-0: Ball Aaron Joyner is caught stealing 2nd base 2-6 1-0: Swinging Strike 1-1: Ball 2-1: Called Strike 2-2: Ball 3-2: Base on Balls
|
Batting: LHB Jose Lebron
|
0-0: Ball 1-0: SINGLE (Line Drive, 8LS, EV 102.5 MPH) Mukhtar Wa'il to second
|
Batting: LHB Bart Davies
|
0-0: Ball 1-0: Ball 2-0: Ball 3-0: Base on Balls Mukhtar Wa'il to third Jose Lebron to second
|
Batting: RHB Alex Colon
|
0-0: Called Strike 0-1: Ball 1-1: Swinging Strike 1-2: Ball 2-2: Ball 3-2: Foul Ball, location: 2F 3-2: Fielders Choice at 2nd, 3-6 (Groundball, 13, EV 84.4 MPH) Mukhtar Wa'il scores Jose Lebron to third
|
Batting: SHB Edwin Dominguez
|
0-0: Ball 1-0: Ball 2-0: Ball 3-0: Called Strike 3-1: Fly out, F8 (Line Drive, 8RM, EV 98.1 MPH)
|
Top of the 1st over - 1 run, 2 hits, 0 errors, 2 left on base; Niagara Falls 1 - New Jersey 0 |
BOTTOM OF THE 1ST |
New Jersey Devils batting - Pitching for Niagara Falls Phantoms : RHP Aneirin Cadwallader
|
Pitching: RHP Aneirin Cadwallader
|
|
Batting: RHB Larry Shoop
|
0-0: Called Strike 0-1: Ball 1-1: Ball 2-1: Fly out, F7 (Flyball, 7S, EV 84.4 MPH)
|
Batting: LHB Bayesa Mundhir
|
0-0: Called Strike 0-1: Ground out 4-3 (Groundball, 4M, EV 97.5 MPH)
|
Batting: RHB Bobby Coulombe
|
0-0: Called Strike 0-1: Ball 1-1: SINGLE (Groundball, 34D, EV 105.0 MPH)
|
Batting: RHB Gang-sheng Chew
|
0-0: Called Strike 0-1: Called Strike 0-2: Foul Ball, location: 2F 0-2: Ball 1-2: Fly out, F9 (Flyball, 9LM, EV 85.6 MPH)
|
Bottom of the 1st over - 0 runs, 1 hit, 0 errors, 1 left on base; Niagara Falls 1 - New Jersey 0 |
TOP OF THE 2ND |
Niagara Falls Phantoms batting - Pitching for New Jersey Devils : RHP Jason Horvath
|
Batting: RHB Christian Shearer
|
0-0: Swinging Strike 0-1: Foul Ball, location: 2F 0-2: Ball 1-2: Foul Ball, location: 2F 1-2: Fly out, F8 (Flyball, 89D, EV 84.4 MPH)
|
Batting: RHB Isaias Chavez
|
0-0: Called Strike 0-1: Ball 1-1: Ball 2-1: SINGLE (Groundball, 6D, EV 103.1 MPH)
|
Batting: RHB Mark Stafford
|
0-0: Ball 1-0: Ball 2-0: Ball 3-0: Called Strike 3-1: Foul Ball, location: 2F 3-2: Fly out, F7 (Line Drive, 7, EV 93.1 MPH)
|
Batting: LHB Aaron Joyner
|
0-0: Ball 1-0: Ball 2-0: Called Strike Isaias Chavez steals 2nd base 2-1: Called Strike 2-2: Ball 3-2: Ground out 4-3 (Groundball, 4, EV 104.4 MPH)
|
Top of the 2nd over - 0 runs, 1 hit, 0 errors, 1 left on base; Niagara Falls 1 - New Jersey 0 |
BOTTOM OF THE 2ND |
New Jersey Devils batting - Pitching for Niagara Falls Phantoms : RHP Aneirin Cadwallader
|
Batting: RHB Chris Artz
|
0-0: Ball 1-0: Hit by Pitch
|
Batting: SHB Alex Cavazos
|
0-0: Swinging Strike 0-1: Grounds into double play, 5-4-3 (Groundball, 56, EV 93.1 MPH)
|
Batting: RHB Brian Bonin
|
0-0: Foul Ball, location: 2F 0-1: Ball 1-1: Ball 2-1: Foul Ball, location: 2F 2-2: Ground out 6-3 (Groundball, 56D, EV 80.6 MPH)
|
Bottom of the 2nd over - 0 runs, 0 hits, 0 errors, 0 left on base; Niagara Falls 1 - New Jersey 0 |
TOP OF THE 3RD |
Niagara Falls Phantoms batting - Pitching for New Jersey Devils : RHP Jason Horvath
|
Batting: SHB Mukhtar Wa'il
|
0-0: Ball 1-0: Fly out, F8 (Flyball, 8LXD, EV 92.5 MPH)
|
Batting: LHB Jose Lebron
|
0-0: Ball 1-0: Foul Ball, location: 2F 1-1: Foul Ball, location: 2F 1-2: DOUBLE (Flyball, 89XD, EV 96.9 MPH)
|
Batting: LHB Bart Davies
|
0-0: Ball 1-0: Foul Ball, location: 2F 1-1: Foul Ball, location: 2F 1-2: Ball 2-2: Foul Ball, location: 2F 2-2: Ball 3-2: Foul Ball, location: 2F 3-2: Base on Balls
|
Batting: RHB Alex Colon
|
0-0: SINGLE (Groundball, 34D, EV 107.5 MPH) Jose Lebron to third Bart Davies to second Runner from 3rd tries for Home, SAFE, throw by RF to home
|
Batting: SHB Edwin Dominguez
|
0-0: Foul Ball, location: 2F 0-1: Foul Ball, location: 2F 0-2: Foul Ball, location: 2F 0-2: SINGLE (Flyball, 8LS, EV 95.0 MPH) Bart Davies to third Alex Colon to second
|
Batting: RHB Christian Shearer
|
0-0: Fielders Choice at 2nd, 3-6 (Groundball, 34, EV 84.4 MPH) Bart Davies scores Alex Colon to third
|
Batting: RHB Isaias Chavez
|
0-0: Called Strike 0-1: Ball 1-1: Ball 2-1: Called Strike 2-2: Foul Ball, location: 2F 2-2: Ball 3-2: Strikes out swinging
|
Top of the 3rd over - 2 runs, 3 hits, 0 errors, 2 left on base; Niagara Falls 3 - New Jersey 0 |
BOTTOM OF THE 3RD |
New Jersey Devils batting - Pitching for Niagara Falls Phantoms : RHP Aneirin Cadwallader
|
Batting: SHB Jerry Burrows
|
0-0: Called Strike 0-1: Ball 1-1: Swinging Strike 1-2: Ball 2-2: Ball 3-2: Strikes out looking
|
Batting: RHB Mike Hanks
|
0-0: Ball 1-0: Swinging Strike 1-1: Ball 2-1: Called Strike 2-2: Strikes out swinging
|
Batting: RHB Larry Shoop
|
0-0: Ball 1-0: Swinging Strike 1-1: Ball 2-1: Swinging Strike 2-2: Foul Ball, location: 2F 2-2: Foul Ball, location: 2F 2-2: Ball 3-2: Foul Ball, location: 2F 3-2: Fly out, F2 (Popup, 2LF, EV 88.8 MPH)
|
Bottom of the 3rd over - 0 runs, 0 hits, 0 errors, 0 left on base; Niagara Falls 3 - New Jersey 0 |
TOP OF THE 4TH |
Niagara Falls Phantoms batting - Pitching for New Jersey Devils : RHP Jason Horvath
|
Batting: RHB Mark Stafford
|
0-0: Ball 1-0: Foul Ball, location: 2F 1-1: SINGLE (Line Drive, 4M, EV 103.1 MPH)
|
Batting: LHB Aaron Joyner
|
0-0: Fly out, F8 (Flyball, 8LXD, EV 106.9 MPH)
|
Batting: SHB Mukhtar Wa'il
|
0-0: Foul Ball, location: 2F 0-1: Called Strike 0-2: Ball 1-2: Ball 2-2: Ball 3-2: Strikes out looking Mark Stafford steals 2nd base Batter strikes out.
|
Batting: LHB Jose Lebron
|
0-0: Foul Ball, location: 2F 0-1: Called Strike 0-2: Ball 1-2: Fly out, F4 (Line Drive, 4, EV 64.4 MPH)
|
Top of the 4th over - 0 runs, 1 hit, 0 errors, 1 left on base; Niagara Falls 3 - New Jersey 0 |
BOTTOM OF THE 4TH |
New Jersey Devils batting - Pitching for Niagara Falls Phantoms : RHP Aneirin Cadwallader
|
Batting: LHB Bayesa Mundhir
|
0-0: Hit by Pitch
|
Batting: RHB Bobby Coulombe
|
0-0: Swinging Strike 0-1: Foul Ball, location: 2F 0-2: Fly out, F8 (Line Drive, 8RD, EV 96.9 MPH)
|
Batting: RHB Gang-sheng Chew
|
0-0: Called Strike 0-1: Ball 1-1: Ball 2-1: Foul Ball, location: 2F 2-2: Ball 3-2: Strikes out swinging
|
Batting: RHB Chris Artz
|
0-0: Ball 1-0: Called Strike 1-1: SINGLE (Groundball, 6MD, EV 106.9 MPH) Bayesa Mundhir to second Runner from 2nd tries for 3rd, SAFE, no throw by CF
|
Batting: SHB Alex Cavazos
|
0-0: Ball 1-0: Called Strike 1-1: Ball 2-1: SINGLE (Groundball, 6D, EV 104.4 MPH) Bayesa Mundhir scores Chris Artz to second
|
Batting: RHB Brian Bonin
|
0-0: Foul Ball, location: 2F 0-1: Ball 1-1: Ball 2-1: Called Strike 2-2: Foul Ball, location: 2F 2-2: Strikes out looking
|
Bottom of the 4th over - 1 run, 2 hits, 0 errors, 2 left on base; Niagara Falls 3 - New Jersey 1 |
TOP OF THE 5TH |
Niagara Falls Phantoms batting - Pitching for New Jersey Devils : RHP Jason Horvath
|
Batting: LHB Bart Davies
|
0-0: Ball 1-0: Foul Ball, location: 2F 1-1: Ball 2-1: Ball 3-1: Base on Balls
|
Batting: RHB Alex Colon
|
0-0: Foul Ball, location: 2F 0-1: Fly out, F8 (Flyball, 8RD, EV 90.6 MPH)
|
Batting: SHB Edwin Dominguez
|
0-0: Ball 1-0: Fly out, F8 (Flyball, 8LS, EV 89.4 MPH)
|
Batting: RHB Christian Shearer
|
0-0: Fly out, F6 (Line Drive, 6, EV 69.4 MPH)
|
Top of the 5th over - 0 runs, 0 hits, 0 errors, 1 left on base; Niagara Falls 3 - New Jersey 1 |
BOTTOM OF THE 5TH |
New Jersey Devils batting - Pitching for Niagara Falls Phantoms : RHP Aneirin Cadwallader
|
Batting: SHB Jerry Burrows
|
0-0: Called Strike 0-1: Swinging Strike 0-2: Ball 1-2: SINGLE (Flyball, 3D, EV 97.5 MPH)
|
Batting: RHB Mike Hanks
|
0-0: Swinging Strike 0-1: Foul Ball, location: 2F 0-2: Strikes out swinging
|
Batting: RHB Larry Shoop
|
0-0: Ball 1-0: Foul Ball, location: 2F 1-1: Foul Ball, location: 2F 1-2: Strikes out swinging
|
Batting: LHB Bayesa Mundhir
|
0-0: Swinging Strike 0-1: Foul Ball, location: 2F 0-2: Ball 1-2: Foul Ball, location: 2F 1-2: DOUBLE (Flyball, 9LD, EV 98.1 MPH) Jerry Burrows to third
|
Pitching: LHP Dustin Shaw
|
|
Batting: RHB Bobby Coulombe
|
0-0: Fly out, F8 (Flyball, 8LXD, EV 81.2 MPH)
|
Bottom of the 5th over - 0 runs, 2 hits, 0 errors, 2 left on base; Niagara Falls 3 - New Jersey 1 |
TOP OF THE 6TH |
Niagara Falls Phantoms batting - Pitching for New Jersey Devils : RHP Jason Horvath
|
Batting: RHB Isaias Chavez
|
0-0: Foul Ball, location: 2F 0-1: Ball 1-1: SINGLE (Line Drive, 7S, EV 90.6 MPH)
|
Batting: RHB Mark Stafford
|
0-0: Called Strike 0-1: Ball 1-1: Ball 2-1: Ball 3-1: Fielders Choice at 2nd, 5-4 (Groundball, 5L, EV 105.6 MPH)
|
Pitching: RHP Jose Lara
|
|
Batting: LHB Aaron Joyner
|
0-0: Ball 1-0: Foul Ball, location: 2F 1-1: Called Strike 1-2: Ball 2-2: Foul Ball, location: 2F 2-2: Ball 3-2: SINGLE (Groundball, 4D, EV 100.6 MPH) Mark Stafford to second Runner from 2nd tries for 3rd, SAFE, throw by CF made to third
|
Batting: SHB Mukhtar Wa'il
|
0-0: Ball 1-0: Foul Ball, location: 2F 1-1: Called Strike 1-2: Strikes out looking
|
Batting: LHB Jose Lebron
|
0-0: Ball 1-0: Called Strike 1-1: Ball Wild Pitch! Mark Stafford scores Aaron Joyner to second 2-1: Called Strike 2-2: Strikes out swinging
|
Top of the 6th over - 1 run, 2 hits, 0 errors, 1 left on base; Niagara Falls 4 - New Jersey 1 |
BOTTOM OF THE 6TH |
New Jersey Devils batting - Pitching for Niagara Falls Phantoms : LHP Dustin Shaw
|
Batting: RHB Gang-sheng Chew
|
0-0: Ball 1-0: Ball 2-0: Ball 3-0: Base on Balls
|
Batting: RHB Chris Artz
|
0-0: Swinging Strike 0-1: Ball 1-1: Swinging Strike 1-2: Strikes out looking
|
Batting: SHB Alex Cavazos
|
0-0: SINGLE (Groundball, 4D, EV 106.9 MPH) Gang-sheng Chew to second
|
Batting: RHB Brian Bonin
|
0-0: Foul Ball, location: 2F 0-1: Foul Ball, location: 2F 0-2: Strikes out swinging
|
Batting: SHB Jerry Burrows
|
0-0: Ground out 4-3 (Groundball, 4, EV 84.4 MPH)
|
Bottom of the 6th over - 0 runs, 1 hit, 0 errors, 2 left on base; Niagara Falls 4 - New Jersey 1 |
TOP OF THE 7TH |
Niagara Falls Phantoms batting - Pitching for New Jersey Devils : RHP Jose Lara
|
Batting: LHB Bart Davies
|
0-0: Ball 1-0: Ball 2-0: Ball 3-0: Foul Ball, location: 2F 3-1: Foul Ball, location: 2F 3-2: Strikes out swinging
|
Batting: RHB Alex Colon
|
0-0: Called Strike 0-1: Ball 1-1: Foul Ball, location: 2F 1-2: Foul Ball, location: 2F 1-2: Strikes out looking
|
Batting: SHB Edwin Dominguez
|
0-0: Ball 1-0: Foul Ball, location: 2F 1-1: Called Strike 1-2: Foul Ball, location: 2F 1-2: Strikes out swinging
|
Top of the 7th over - 0 runs, 0 hits, 0 errors, 0 left on base; Niagara Falls 4 - New Jersey 1 |
BOTTOM OF THE 7TH |
New Jersey Devils batting - Pitching for Niagara Falls Phantoms : LHP Dustin Shaw
|
Batting: RHB Mike Hanks
|
0-0: Ball 1-0: Called Strike 1-1: Called Strike 1-2: Strikes out swinging
|
Batting: RHB Larry Shoop
|
0-0: Swinging Strike 0-1: Called Strike 0-2: Strikes out swinging
|
Batting: LHB Bayesa Mundhir
|
0-0: Called Strike 0-1: SINGLE (Groundball, 56D, EV 94.4 MPH)
|
Batting: RHB Bobby Coulombe
|
0-0: Ball 1-0: Ground out 1-3 (Groundball, 13S, EV 63.1 MPH)
|
Bottom of the 7th over - 0 runs, 1 hit, 0 errors, 1 left on base; Niagara Falls 4 - New Jersey 1 |
TOP OF THE 8TH |
Niagara Falls Phantoms batting - Pitching for New Jersey Devils : RHP Jose Lara
|
Pitching: LHP Joe Edwards
|
|
Batting: RHB Christian Shearer
|
0-0: Ball 1-0: Called Strike 1-1: SINGLE (Line Drive, 3L, EV 104.4 MPH)
|
Batting: RHB Isaias Chavez
|
0-0: Ball 1-0: Sac Bunt to P - play at first, batter OUT! 1-4 Christian Shearer to second
|
Batting: RHB Mark Stafford
|
0-0: Intentional Walk
|
Batting: LHB Aaron Joyner
|
0-0: Called Strike 0-1: Foul Ball, location: 2F 0-2: Ball 1-2: Ball 2-2: Ball 3-2: Foul Ball, location: 2F 3-2: Base on Balls Christian Shearer to third Mark Stafford to second
|
Batting: SHB Mukhtar Wa'il
|
0-0: Ball 1-0: Ball 2-0: Called Strike 2-1: Fly out, F8 (Flyball, 8RXD, EV 98.8 MPH) Runner from 3rd tags up, SCORES, no throw by CF Mark Stafford to third
|
Batting: LHB Jose Lebron
|
0-0: Ground out 4-3 (Groundball, 4, EV 88.1 MPH)
|
Top of the 8th over - 1 run, 1 hit, 0 errors, 2 left on base; Niagara Falls 5 - New Jersey 1 |
BOTTOM OF THE 8TH |
New Jersey Devils batting - Pitching for Niagara Falls Phantoms : LHP Dustin Shaw
|
Batting: RHB Gang-sheng Chew
|
0-0: Ball 1-0: Called Strike 1-1: Called Strike 1-2: Strikes out swinging
|
Batting: RHB Chris Artz
|
0-0: Called Strike 0-1: Ball 1-1: Ball 2-1: Ball 3-1: Fly out, F7 (Flyball, 7LM, EV 85.0 MPH)
|
Batting: SHB Alex Cavazos
|
0-0: Ground out 4-3 (Groundball, 4, EV 82.5 MPH)
|
Bottom of the 8th over - 0 runs, 0 hits, 0 errors, 0 left on base; Niagara Falls 5 - New Jersey 1 |
TOP OF THE 9TH |
Niagara Falls Phantoms batting - Pitching for New Jersey Devils : LHP Joe Edwards
|
Pitching: LHP Keith Noftall
|
|
Batting: LHB Bart Davies
|
0-0: Called Strike 0-1: Ball 1-1: Foul Ball, location: 2F 1-2: Foul Ball, location: 2F 1-2: Foul Ball, location: 2F 1-2: Ground out 4-3 (Groundball, 4, EV 83.8 MPH)
|
Batting: RHB Alex Colon
|
0-0: Called Strike 0-1: Called Strike 0-2: Ball 1-2: SINGLE (Flyball, 6MD, EV 85.6 MPH)
|
Batting: SHB Edwin Dominguez
|
0-0: Ball 1-0: Ball 2-0: Called Strike 2-1: 2-RUN HOME RUN (Flyball, 78XD, EV 107.5 MPH), Distance : 400 ft
|
Batting: RHB Christian Shearer
|
0-0: Ball 1-0: Foul Ball, location: 2F 1-1: Called Strike 1-2: Foul Ball, location: 2F 1-2: Foul Ball, location: 2F 1-2: Ball 2-2: Ball 3-2: Strikes out swinging
|
Batting: RHB Isaias Chavez
|
0-0: Called Strike 0-1: Ball 1-1: Ball 2-1: Swinging Strike 2-2: Ball 3-2: Base on Balls
|
Batting: RHB Mark Stafford
|
0-0: Ball 1-0: Ball 2-0: Ball 3-0: Base on Balls Isaias Chavez to second
|
Batting: LHB Aaron Joyner
|
0-0: Called Strike 0-1: Ball 1-1: Called Strike 1-2: Strikes out swinging
|
Top of the 9th over - 2 runs, 2 hits, 0 errors, 2 left on base; Niagara Falls 7 - New Jersey 1 |
BOTTOM OF THE 9TH |
New Jersey Devils batting - Pitching for Niagara Falls Phantoms : LHP Dustin Shaw
|
Batting: RHB Brian Bonin
|
0-0: Ball 1-0: Ground out 1-3 (Groundball, 13, EV 65.6 MPH)
|
Batting: SHB Jerry Burrows
|
0-0: Ball 1-0: Called Strike 1-1: Swinging Strike 1-2: Strikes out looking
|
Batting: RHB Mike Hanks
|
0-0: Called Strike 0-1: Foul Ball, location: 2F 0-2: Strikes out looking
|
Bottom of the 9th over - 0 runs, 0 hits, 0 errors, 0 left on base; Niagara Falls 7 - New Jersey 1 |
|